 Dungeon Crawl Stone Soup version 0.14-a0-1097-gc7db7fc (webtiles) character file.

303 PolkaDot the Ruffian (level 5, -2/49 HPs)
             Began as a Troll Death Knight on Nov 26, 2013.
             Was a Believer of Yredelemnul.
             Killed from afar by Grinder (6 damage)
             ... with a wand of magic darts
             ... on Level 4 of the Dungeon.
             The game lasted 00:04:53 (2148 turns).

PolkaDot the Ruffian (Troll Death Knight)           Turns: 2148, Time: 00:04:53

HP  -2/49        AC  5     Str 26      XL: 5   Next: 14%
MP   5/5         EV  9     Int  5      God: Yredelemnul [**....]
Gold 148         SH  0     Dex 10      Spells:  0 memorised,  4 levels left

rFire  + . .     SeeInvis .       - Unarmed
rCold  + . .     Clarity  .     b - +0 robe
rNeg   . . .     Conserve .     (shield restricted)
rPois  +         rCorr    .     (helmet restricted)
rElec  +         rRot     .     (no cloak)
SustAb . .       Spirit   .     (gloves unavailable)
rMut   .         Warding  .     (boots unavailable)
Gourm  +         Stasis   .     (no amulet)
                                (no ring)
                                (no ring)

@: mighty, slightly resistant to hostile enchantments, unstealthy
A: unfitting armour, claws 3, dopey 1, fast metabolism 3, gourmand, poison
resistance, regeneration 2, saprovore 2, shaggy fur 1, spit poison 1, tough skin
2
a: Spit Poison, Animate Remains, Recall Undead Slaves, Injury Mirror, Renounce
Religion


You were on level 4 of the Dungeon.
You worshipped Yredelemnul.
Yredelemnul was pleased with you.
You were very full.

You visited 1 branch of the dungeon, and saw 4 of its levels.

You collected 148 gold pieces.

Inventory:

Armour
 b - a +0 robe (worn)
Comestibles
 a - 2 meat rations
 d - 13 grapes
 g - 3 bread rations
 o - 8 strawberries
Scrolls
 c - 2 scrolls of teleportation {unknown}
 e - 3 scrolls of remove curse {unknown}
 h - a scroll of curse armour {unknown}
 i - 3 scrolls of identify {unknown}
 j - a scroll of enchant weapon I {unknown}
 l - 2 scrolls of magic mapping {unknown}
 m - 2 scrolls of fear {unknown}
 n - a scroll of noise {unknown}
 p - a scroll of curse jewellery {unknown}
Books
 r - a book of Air

   Spells                             Type                      Level
   Shock                              Conjuration/Air              1
   Swiftness                          Charms/Air                   2
   Repel Missiles                     Charms/Air                   2
   Flight                             Charms/Air                   3
   Static Discharge                   Conjuration/Air              3
   Lightning Bolt                     Conjuration/Air              5


   Skills:
 - Level 1.5 Fighting
 - Level 1.2 Dodging
 * Level 5.4 Unarmed Combat
 - Level 2.4 Invocations


You had 4 spell levels left.
You didn't know any spells.

Dungeon Overview and Level Annotations

Branches:
Dungeon (4/16)
 Temple: D:4-7

Altars:
the Shining One

Annotations:
D:4 Grinder, Ijyb


Innate Abilities, Weirdness & Mutations

You are too large for most types of armour.
You have claws for hands.
Your metabolism is lightning-fast.
You like to eat raw meat.
You heal very quickly.
You can eat rotten meat.
You are covered in fur (AC +1).
You have very tough skin (AC +2).
You are dopey. (Int -2)
Your system is resistant to poisons.
You can spit poison.


Message History

You suddenly lose the ability to move!
Grinder hits you but does no damage.
You can move again.
Drink which item? (? for menu, Esc to quit)
You feel protected.
It was a potion of resistance.
Grinder zaps a wand.
The magic dart hits you!
* * * LOW HITPOINT WARNING * * *
You hit Grinder.
Grinder is lightly wounded.
Grinder hits you!
* * * LOW HITPOINT WARNING * * *
You writhe in agony.
* * * LOW HITPOINT WARNING * * *
You aren't carrying any potions.
Read which item? (? for menu, Esc to quit)
Okay, then.
Okay, then.
Grinder zaps a wand.
The magic dart hits you!
You die...
Your body rises from the dead as a mindless zombie.

#.......(....g
####.#...#
#.....>..#
..###....#
####.# #.# #5#
#)# #@# ###
#.# #.# #.#
#.# #.#
#####.# #.#
##...#.###.#
#..........#
#.....).##.#
#<..#...#..##


You could see Grinder.

Vanquished Creatures
  A hound (D:4)
  2 adders
  3 gnolls (D:4)
  3 worms
  3 giant geckos
  An ooze (D:1)
  A ball python (D:4)
  A giant cockroach (D:2)
  11 goblins
  5 hobgoblins
  5 jackals
  7 bats
  4 giant newts
  7 kobolds
  An orc skeleton (D:4)
  A quokka (D:3)
  3 rats
59 creatures vanquished.

Vanquished Creatures (others)
  A gnoll (D:4)
1 creature vanquished.

Grand Total: 60 creatures vanquished

Notes
Turn   | Place    | Note
--------------------------------------------------------------
     0 | D:1      | PolkaDot, the Troll Death Knight, began the quest for the Orb.
     0 | D:1      | Reached XP level 1. HP: 20/20 MP: 2/2
   109 | D:1      | Reached XP level 2. HP: 25/28 MP: 2/2
   356 | D:1      | Reached skill level 3 in Unarmed Combat
   865 | D:2      | Reached XP level 3. HP: 33/35 MP: 4/4
   893 | D:2      | Acquired Yredelemnul's second power
  1109 | D:2      | Reached skill level 4 in Unarmed Combat
  1371 | D:3      | Reached XP level 4. HP: 42/42 MP: 4/4
  1557 | D:3      | Found a glowing golden altar of the Shining One.
  1988 | D:4      | Noticed Ijyb
  2106 | D:4      | Noticed Grinder
  2119 | D:4      | Reached skill level 5 in Unarmed Combat
  2130 | D:4      | Reached XP level 5. HP: 25/49 MP: 5/5
  2136 | D:4      | Paralysed by Grinder for 4 turns
  2140 | D:4      | Gained mutation: You can spit poison. [potion of mutation]
  2140 | D:4      | Gained mutation: Your system is resistant to poisons. [potion of mutation]
  2140 | D:4      | Gained mutation: You are dopey. (Int -2) [potion of mutation]
  2142 | D:4      | HP: 2/49 [Grinder (11)]
  2144 | D:4      | Paralysed by Grinder for 2 turns
  2148 | D:4      | Killed from afar by Grinder

Action                   |  1- 3 |  4- 6 || total
-------------------------+-------+-------++-------
Melee: Unarmed           |   105 |    53 ||   158
  Use: Potion            |       |     5 ||     5
